[Event "56th Biel Festival MTO 2023"]
[White "Schnepp,Gunnar"]
[Black "Jaivardhan Raj"]
[Site "Biel"]
[Round "1.49"]
[Annotator "TA"]
[Result "1-0"]
[Date "2023.07.18"]
[WhiteElo "2278"]
[BlackElo "2009"]
[PlyCount "48"]
[TimeControl "60"]

1. d4 Nf6 2. c4 e6 3. Nc3 Bb4 4. e3 b6 5. Bd3 Bb7 6. Nf3 O-O 7. O-O d5 {[%emt 0:0:0] 7...d5 has lost popularity.} 8. a3 Bd6 9. b4 {[%emt 0:1:5] E52: Nimzo-Indian: Rubinstein: 4...0-0 5 Nf3 d5 6 Bd3 b6.} dxc4 10. Bxc4 c5 {[%emt 0:0:30] [#]} 11. dxc5 $146 {[%emt 0:33:38][%mdl 64] Discovered Attack. The position is equal.} ({Predecessor:} 11. bxc5 bxc5 12. Nb5 Be7 13. Bb2 a6 14. Nc3 Nbd7 15. Qe2 Bxf3 16. Qxf3 cxd4 17. exd4 {0-1 Marek,H (2015)-Spassov,L (2382) EU-ch Seniors 05th 2005 (1)} )bxc5 12. Nb5 Bd5 (12... Be7 $11 )13. Bxd5 $1 $16 exd5 {[%emt 0:0:30] [#]} 14. Bb2 $1 {[%emt 0:2:18] Black must now prevent Bxf6.} Ne4 15. Nxd6 (15. Qxd5 $2 {loses.} Bxh2+ 16. Kxh2 Qxd5 $19 )Qxd6 16. bxc5 Qxc5 17. Rc1 Qd6 {[%emt 0:6:26] [#]} 18. Nd4 $1 {[%emt 0:13:45] Inhibits Nc6. Strongly threatening Nf5.} ({Don't play} 18. Qd4 $6 f6 $14 )Qd7 {[%emt 0:7:42] Prevents Nf5} 19. Qd3 a5 20. Rfd1 Rd8 21. f3 Nd6 22. Ba1 {[%emt 0:0:30] White is more active.} Nb7 $2 (22... h6 $16 {is a better chance.} 23. Rc5 Na6 24. Rxd5 (24. Rxa5 Nc4 $14 )Nc7 )23. Nf5 $18 f6 24. Qb1 Qf7 {[%emt 0:0:30] Weighted Error Value: White=0.04 (flawless) /Black=0.50} 1-0

[Event "56th Biel Festival MTO 2023"]
[White "Rohith Krishna S"]
[Black "Bu,Xiangzhi"]
[Site "Biel"]
[Round "2.1"]
[Annotator "RC"]
[Result "0-1"]
[Date "2023.07.19"]
[WhiteElo "2429"]
[BlackElo "2676"]
[PlyCount "84"]
[TimeControl "60"]

1. Nf3 Nf6 2. g3 c5 3. Bg2 Nc6 4. O-O g6 5. c4 Bg7 6. Nc3 O-O 7. d3 d5 8. cxd5 Nxd5 9. Bd2 e6 10. Rc1 Nde7 11. a3 b6 12. Qa4 Bd7 13. Qc2 e5 14. Qb1 a5 15. b3 h6 16. Rfd1 Rc8 17. e3 Bf5 18. Be1 Qd7 19. Na4 Rb8 20. Nb2 Rfd8 21. Bc3 Bg4 22. Nc4 Qe6 23. e4 h5 24. Re1 Bxf3 25. Bxf3 Bh6 26. Rcd1 Nd4 27. Bg2 Nec6 28. h4 Rd7 29. Bd2 b5 30. Nxa5 Bxd2 31. Nxc6 Bxe1 32. Nxb8 Bxf2+ 33. Kxf2 Rd8 34. Rc1 Qb6 35. Na6 Nxb3 36. Rd1 c4+ 37. Kf1 Qxa6 38. Kg1 Qxa3 39. dxc4 Rxd1+ 40. Qxd1 bxc4 41. Kh2 c3 42. g4 Nd4 0-1

[Event "56th Biel Festival MTO 2023"]
[White "Nguyen,Ngoc Truong Son"]
[Black "Huang,Qian"]
[Site "Biel"]
[Round "2.2"]
[Annotator "RC"]
[Result "1/2-1/2"]
[Date "2023.07.19"]
[WhiteElo "2645"]
[BlackElo "2422"]
[PlyCount "29"]
[TimeControl "60"]

1. e4 c5 2. Nf3 Nc6 3. Bb5 e6 4. Bxc6 bxc6 5. O-O Ne7 6. Re1 Qc7 7. d3 Ng6 8. c3 Be7 9. d4 O-O 10. Be3 f5 11. exf5 Rxf5 12. dxc5 Bxc5 13. Bxc5 Rxc5 14. Nbd2 Bb7 15. b4 1/2-1/2

[Event "56th Biel Festival MTO 2023"]
[White "Vantika Agrawal"]
[Black "Aryan Chopra"]
[Site "Biel"]
[Round "2.3"]
[Annotator "RC"]
[Result "0-1"]
[Date "2023.07.19"]
[WhiteElo "2428"]
[BlackElo "2626"]
[PlyCount "126"]
[TimeControl "60"]

1. d4 g6 2. c4 Bg7 3. e4 d6 4. Nc3 e5 5. Nf3 Nc6 6. Bg5 Nge7 7. dxe5 dxe5 8. Qxd8+ Nxd8 9. Nd5 Nxd5 10. cxd5 c6 11. Bc4 cxd5 12. Bxd5 Be6 13. Rd1 f6 14. Be3 Rf8 15. Ke2 Rf7 16. Bxe6 Nxe6 17. Rd5 Rc7 18. Rc1 Rxc1 19. Bxc1 Rc8 20. Be3 Bf8 21. Rd1 b6 22. b3 Ba3 23. g3 Ke7 24. h4 h5 25. Ne1 f5 26. Rd5 Bd6 27. f3 Nc7 28. Rd2 fxe4 29. fxe4 Nb5 30. Bg5+ Ke6 31. Nd3 Nc3+ 32. Ke3 b5 33. Rc2 b4 34. Rc1 a5 35. Bh6 Bb8 36. Bg7 Ba7+ 37. Kf3 Rd8 38. Nxe5 Rg8 39. Nxg6 Rxg7 40. Nf4+ Ke5 41. Nxh5 Rd7 42. Nf4 Rd2 43. h5 Rh2 44. Ng6+ Ke6 45. Kg4 Be3 46. Rf1 Rxa2 47. e5 Nd5 48. Rf8 a4 49. Rd8 Rd2 50. Rd6+ Kf7 51. e6+ Kg7 52. Rd7+ Kf6 53. e7 Nxe7 54. Rxe7 Bc5 55. Re1 a3 56. Nf4 a2 57. h6 Bd4 58. h7 Kf7 59. Ne6 a1=Q 60. Ng5+ Kg7 61. Re7+ Kf8 62. Rd7 Qd1+ 63. Nf3 Rd3 0-1

[Event "56th Biel Festival MTO 2023"]
[White "Yuffa,Daniil"]
[Black "Jinan Jomon"]
[Site "Biel"]
[Round "2.4"]
[Annotator "RC"]
[Result "1/2-1/2"]
[Date "2023.07.19"]
[WhiteElo "2603"]
[BlackElo "2409"]
[PlyCount "107"]
[TimeControl "60"]

1. c4 e6 2. Nc3 Nf6 3. e4 e5 4. Nf3 Qe7 5. d4 exd4 6. Nxd4 d6 7. Be2 Qd8 8. O-O Be7 9. Be3 O-O 10. Qc2 Ng4 11. Bxg4 Bxg4 12. h3 Bd7 13. Rad1 Nc6 14. Nf5 Bxf5 15. exf5 Re8 16. Nd5 Bf8 17. Rfe1 Ne7 18. Nf4 Nc6 19. Nd5 Ne7 20. f6 Nxd5 21. fxg7 Bxg7 22. Rxd5 Qf6 23. Red1 Re6 24. b4 Qc3 25. Qb3 Qxb3 26. axb3 a6 27. g4 Bc3 28. b5 axb5 29. cxb5 Ra1 30. Rxa1 Bxa1 31. b6 c6 32. Ra5 Bc3 33. Ra8+ Kg7 34. Rd8 d5 35. Rd7 d4 36. Bf4 c5 37. Rxb7 Ba5 38. Rxf7+ Kxf7 39. b7 Rb6 40. b8=Q Rxb8 41. Bxb8 d3 42. Kf1 Ke6 43. f4 Kd5 44. f5 Kd4 45. f6 Bd8 46. f7 Be7 47. Ke1 Kc3 48. Bc7 Kxb3 49. Kd2 c4 50. Ba5 Bg5+ 51. Kd1 Be7 52. Kd2 Bg5+ 53. Kd1 Be7 54. Kd2 1/2-1/2

[Event "56th Biel Festival MTO 2023"]
[White "Wessman,Richard"]
[Black "Albornoz Cabrera,Carlos Daniel"]
[Site "Biel"]
[Round "2.5"]
[Annotator "RC"]
[Result "1/2-1/2"]
[Date "2023.07.19"]
[WhiteElo "2410"]
[BlackElo "2591"]
[PlyCount "51"]
[TimeControl "60"]

1. d4 Nf6 2. c4 e6 3. g3 d5 4. Bg2 Be7 5. Nf3 O-O 6. O-O dxc4 7. Qc2 b5 8. a4 b4 9. Nbd2 Bb7 10. Nxc4 c5 11. dxc5 Be4 12. Qd1 Bxc5 13. Bg5 Nc6 14. Ncd2 Bxf3 15. Bxf3 Rc8 16. Bxf6 gxf6 17. Nb3 Ne5 18. Bb7 Rc7 19. Qxd8 Rxd8 20. Nxc5 Rxc5 21. Rac1 Rxc1 22. Rxc1 Rd2 23. f4 Ng4 24. Bf3 f5 25. Bxg4 fxg4 26. Kf2 1/2-1/2

[Event "56th Biel Festival MTO 2023"]
[White "Harikrishnan.A.Ra"]
[Black "Meshkovs,Nikita"]
[Site "Biel"]
[Round "2.6"]
[Annotator "ChessBase"]
[Result "1-0"]
[Date "2023.07.19"]
[WhiteElo "2406"]
[BlackElo "2565"]
[PlyCount "81"]
[TimeControl "60"]

1. d4 Nf6 2. Nf3 e6 3. c4 d5 4. g3 Bb4+ 5. Bd2 a5 6. Bg2 O-O 7. Qc2 Be7 8. O-O c6 9. Bf4 Nbd7 10. Rd1 a4 11. Nc3 Qa5 12. c5 Nh5 13. Bd2 Qa7 14. e4 g6 15. Re1 Re8 16. Re2 Nhf6 17. Rae1 b6 18. exd5 Nxd5 19. Nxd5 cxd5 20. c6 Nf8 21. Ne5 Ba6 22. Re3 f6 23. Nd3 Bc4 24. b3 axb3 25. axb3 Qa2 26. Qxa2 Rxa2 27. bxc4 dxc4 28. Bb4 cxd3 29. Bxe7 d2 30. Rf1 Rxe7 31. d5 Rc2 32. d6 Re8 33. Rd3 e5 34. Rd1 Kf7 35. R3xd2 Rc5 36. Rb2 b5 37. d7 Rd8 38. Rxb5 Rc3 39. f4 exf4 40. gxf4 f5 41. Re5 1-0

[Event "56th Biel Festival MTO 2023"]
[White "Quesada Perez,Luis Ernesto"]
[Black "Ajay Krishna,S."]
[Site "Biel"]
[Round "2.7"]
[Annotator "ChessBase"]
[Result "1-0"]
[Date "2023.07.19"]
[WhiteElo "2553"]
[BlackElo "2390"]
[PlyCount "59"]
[TimeControl "60"]

1. d4 d5 2. c4 e6 3. Nc3 c6 4. e3 f5 5. Bd3 Nf6 6. Nge2 Bd6 7. Qc2 O-O 8. f3 Kh8 9. Bd2 b6 10. O-O Ba6 11. cxd5 Bxd3 12. Qxd3 exd5 13. e4 dxe4 14. fxe4 fxe4 15. Nxe4 Nxe4 16. Rxf8+ Bxf8 17. Qxe4 Qe7 18. Rf1 Nd7 19. Qxc6 Rd8 20. Ng3 Nb8 21. Qf3 h6 22. Bc3 Qe6 23. Nh5 Kg8 24. Qg3 Qd6 25. Nf6+ Kh8 26. Qg6 gxf6 27. Rxf6 Qd5 28. Rf7 Qxf7 29. Qxf7 Bg7 30. d5 1-0

[Event "56th Biel Festival MTO 2023"]
[White "Morawietz,Dieter"]
[Black "Liu,Yan"]
[Site "Biel"]
[Round "2.8"]
[Annotator "ChessBase"]
[Result "0-1"]
[Date "2023.07.19"]
[WhiteElo "2396"]
[BlackElo "2542"]
[PlyCount "120"]
[TimeControl "60"]

1. d4 Nf6 2. c4 e6 3. Nf3 b6 4. g3 Bb7 5. Bg2 Bb4+ 6. Bd2 c5 7. O-O O-O 8. Bxb4 cxb4 9. a3 bxa3 10. Rxa3 a5 11. Nc3 Na6 12. Ne1 Bxg2 13. Nxg2 d5 14. cxd5 Nxd5 15. e4 Nf6 16. Ne3 Nb4 17. g4 h6 18. f4 Qd7 19. h4 Rfd8 20. g5 hxg5 21. hxg5 Ne8 22. d5 exd5 23. Ncxd5 Qe6 24. Qf3 Nxd5 25. exd5 Qg6 26. Qg2 f6 27. Nc4 Rac8 28. Rc3 Rc5 29. Nxb6 Rxc3 30. bxc3 fxg5 31. Nc4 Qd3 32. Qxg5 Rxd5 33. Ne5 Qe3+ 34. Kh1 Rd6 35. Qg4 Qxc3 36. Rf2 Nf6 37. Qf3 Qe1+ 38. Kg2 Rd1 39. Qb3+ Rd5 40. Qb8+ Kh7 41. Qb3 Qe4+ 42. Kg1 Nh5 43. Rf3 a4 44. Qc3 Rd1+ 45. Kf2 Qd4+ 46. Qxd4 Rxd4 47. Nd3 a3 48. Ke3 Ra4 49. Rf1 Kg6 50. Nc5 Rxf4 51. Rxf4 Nxf4 52. Kxf4 a2 53. Nb3 Kh5 54. Na1 Kh4 55. Kf3 Kh3 56. Nb3 g5 57. Kf2 Kg4 58. Ke3 Kg3 59. Kd3 g4 60. Kc3 Kf2 0-1

[Event "56th Biel Festival MTO 2023"]
[White "Pranav Anand"]
[Black "Jain Kashish Manoj"]
[Site "Biel"]
[Round "2.9"]
[Annotator "ChessBase"]
[Result "1-0"]
[Date "2023.07.19"]
[WhiteElo "2510"]
[BlackElo "2375"]
[PlyCount "91"]
[TimeControl "60"]

1. e4 c5 2. Nf3 d6 3. d4 cxd4 4. Nxd4 Nf6 5. Nc3 Nc6 6. Bg5 e6 7. Qd2 a6 8. O-O-O Bd7 9. Kb1 Be7 10. Nxc6 Bxc6 11. f3 O-O 12. h4 d5 13. e5 Nd7 14. f4 Nc5 15. Qe3 Qc7 16. Bd3 Nxd3 17. Qxd3 Bb4 18. Qg3 Rfc8 19. Bf6 Bf8 20. Rh3 Kh8 21. Qg5 gxf6 22. exf6 Bh6 23. Qxh6 Rg8 24. f5 e5 25. Nxd5 Bxd5 26. Rxd5 Rxg2 27. Qc1 Rag8 28. Re3 Qc4 29. Rexe5 Qxh4 30. a3 Qxf6 31. Qe3 R2g3 32. Qc5 Rg1+ 33. Ka2 R1g2 34. Rd6 Qg7 35. Re7 Rg5 36. Rxb7 Qf8 37. Qd4+ Qg7 38. Qd5 Rf8 39. Rxa6 h5 40. Rbb6 f6 41. Rb7 Qg8 42. Re6 h4 43. Rb4 Rh5 44. Qf3 Qh7 45. Re7 Qh6 46. Ree4 1-0

[Event "56th Biel Festival MTO 2023"]
[White "Seul,Georg"]
[Black "Samant Aditya S"]
[Site "Biel"]
[Round "2.10"]
[Annotator "ChessBase"]
[Result "0-1"]
[Date "2023.07.19"]
[WhiteElo "2376"]
[BlackElo "2510"]
[PlyCount "76"]
[TimeControl "60"]

1. e4 c5 2. Nf3 Nc6 3. Bb5 e6 4. Bxc6 bxc6 5. b3 f6 6. O-O Ne7 7. Ba3 d6 8. d4 cxd4 9. Qxd4 c5 10. Qe3 Nc6 11. Nbd2 Be7 12. Rfd1 O-O 13. Nf1 Qc7 14. Bb2 a5 15. a4 Rb8 16. Qe2 f5 17. exf5 Rxf5 18. Ne3 Rf7 19. Rd3 Ba6 20. c4 Nb4 21. Rdd1 Rbf8 22. Rf1 Bb7 23. Nd2 Bg5 24. Rad1 Bf4 25. h3 d5 26. Ng4 d4 27. f3 h5 28. Nf2 Nc2 29. Qxe6 Ne3 30. Nde4 Bc8 31. Qg6 Bf5 32. Qxh5 Qb6 33. Qh4 Nxd1 34. Qxf4 Nxb2 35. Qd2 Qxb3 36. Rb1 Rb8 37. Nd1 Qxa4 38. Rxb2 Rxb2 0-1

[Event "56th Biel Festival MTO 2023"]
[White "Rodrigue-Lemieux,Shawn"]
[Black "Deuer,Marius"]
[Site "Biel"]
[Round "2.11"]
[Annotator "ChessBase"]
[Result "1/2-1/2"]
[Date "2023.07.19"]
[WhiteElo "2495"]
[BlackElo "2374"]
[PlyCount "69"]
[TimeControl "60"]

1. e4 c5 2. Nf3 d6 3. Bb5+ Bd7 4. Bxd7+ Qxd7 5. c4 Nf6 6. Nc3 Nc6 7. d4 cxd4 8. Nxd4 g6 9. h3 Nxd4 10. Qxd4 Bg7 11. Be3 O-O 12. Qd3 Qc6 13. Bd4 Rfc8 14. b3 a6 15. Bxf6 Bxf6 16. Nd5 b5 17. Rc1 bxc4 18. Rxc4 Qb5 19. Nxf6+ exf6 20. Rxc8+ Rxc8 21. Qxb5 axb5 22. Kd2 b4 23. Rc1 Ra8 24. Rc2 Kf8 25. Kc1 Ra7 26. Kb2 Ke7 27. Rc8 Rb7 28. g4 f5 29. exf5 gxf5 30. Rh8 fxg4 31. hxg4 Rb5 32. a4 bxa3+ 33. Kxa3 Ra5+ 34. Kb2 Re5 35. Rc8 1/2-1/2

[Event "56th Biel Festival MTO 2023"]
[White "Sukandar,Irine Kharisma"]
[Black "Peng,Xiongjian"]
[Site "Biel"]
[Round "2.12"]
[Annotator "ChessBase"]
[Result "1-0"]
[Date "2023.07.19"]
[WhiteElo "2358"]
[BlackElo "2489"]
[PlyCount "41"]
[TimeControl "60"]

1. e4 e5 2. Nf3 Nc6 3. Bb5 a6 4. Ba4 Bc5 5. c3 Nge7 6. d4 exd4 7. cxd4 Bb4+ 8. Nc3 d5 9. e5 Bg4 10. a3 Ba5 11. Be3 O-O 12. Bc2 Nf5 13. Qd3 g6 14. O-O-O Bb6 15. Bg5 Qd7 16. Bf6 Nce7 17. h3 Bxf3 18. Qxf3 c5 19. g4 Ng7 20. Bxg7 Kxg7 21. Qf6+ 1-0

[Event "56th Biel Festival MTO 2023"]
[White "Bharath Subramaniyam H"]
[Black "Besou,Hussain"]
[Site "Biel"]
[Round "2.13"]
[Annotator "ChessBase"]
[Result "1/2-1/2"]
[Date "2023.07.19"]
[WhiteElo "2488"]
[BlackElo "2348"]
[PlyCount "110"]
[TimeControl "60"]

1. d4 Nf6 2. Nf3 d5 3. Bf4 c5 4. c3 Nc6 5. dxc5 e6 6. b4 a5 7. Nd4 axb4 8. Nxc6 bxc6 9. cxb4 Ne4 10. e3 Qh4 11. g3 Qe7 12. Be5 Qg5 13. f4 Qg6 14. Bd3 f6 15. Bc7 Be7 16. Nc3 f5 17. Nxe4 fxe4 18. Be2 O-O 19. Be5 Bf6 20. Qd4 Ra3 21. Kf2 Bd7 22. Rhc1 Qf5 23. Bxf6 Rxf6 24. Kg1 e5 25. Qxe5 Rxe3 26. Bf1 Ra3 27. Qb2 Ra8 28. a4 g5 29. Bh3 Qg6 30. fxg5 Rf7 31. Bxd7 Rxd7 32. Qd4 Qg7 33. Rd1 Rda7 34. a5 Qxd4+ 35. Rxd4 Kf7 36. Rf1+ Ke6 37. Rf6+ Ke5 38. Rd1 Rb8 39. Rxc6 Rxb4 40. Rc8 d4 41. c6 Rc4 42. Re8+ Kd5 43. Rd8+ Ke5 44. Re8+ Kd5 45. Rd8+ Ke5 46. Rd7 Rxa5 47. Rxh7 Rac5 48. Re7+ Kd5 49. Rd7+ Ke5 50. Re7+ Kd5 51. g6 Rxc6 52. Rd7+ Ke5 53. Re7+ Kd5 54. Rd7+ Ke5 55. Re7+ Kd5 1/2-1/2

[Event "56th Biel Festival MTO 2023"]
[White "Aarav Dengla"]
[Black "Wang,Chen"]
[Site "Biel"]
[Round "2.14"]
[Annotator "ChessBase"]
[Result "1/2-1/2"]
[Date "2023.07.19"]
[WhiteElo "2343"]
[BlackElo "2477"]
[PlyCount "46"]
[TimeControl "60"]

1. e4 c5 2. Nf3 e6 3. d4 cxd4 4. Nxd4 Nc6 5. Nc3 a6 6. Be3 Nf6 7. Nxc6 bxc6 8. e5 Nd5 9. Nxd5 cxd5 10. Bd3 Qc7 11. Bd4 Bc5 12. Qg4 O-O 13. Qh4 g6 14. Bxc5 Qxc5 15. O-O d6 16. Qe7 Ra7 17. Qxd6 Qxd6 18. exd6 Rd8 19. c4 dxc4 20. Bxc4 Rxd6 21. Rfd1 Rad7 22. Rxd6 Rxd6 23. b4 Bd7 1/2-1/2

[Event "56th Biel Festival MTO 2023"]
[White "Nie,Xinyang"]
[Black "Rathanvel,V S"]
[Site "Biel"]
[Round "2.15"]
[Annotator "ChessBase"]
[Result "1/2-1/2"]
[Date "2023.07.19"]
[WhiteElo "2288"]
[BlackElo "2463"]
[PlyCount "43"]
[TimeControl "60"]

1. d4 Nf6 2. c4 e6 3. Nc3 Bb4 4. e3 O-O 5. Bd3 d5 6. Nge2 dxc4 7. Bxc4 c5 8. O-O cxd4 9. exd4 Nc6 10. Bg5 h6 11. Bh4 Be7 12. a3 Nh5 13. Bxe7 Nxe7 14. d5 exd5 15. Nxd5 Be6 16. Nec3 Nxd5 17. Bxd5 Bxd5 18. Qxd5 Qxd5 19. Nxd5 Rfd8 20. Rfd1 Rd7 21. Nc3 Rad8 22. Rxd7 1/2-1/2

[Event "56th Biel Festival MTO 2023"]
[White "Chasin,Nico"]
[Black "Sutter,Oliver"]
[Site "Biel"]
[Round "2.16"]
[Annotator "ChessBase"]
[Result "1-0"]
[Date "2023.07.19"]
[WhiteElo "2455"]
[BlackElo "2313"]
[PlyCount "99"]
[TimeControl "60"]

1. e4 c6 2. Nc3 d5 3. Nf3 dxe4 4. Nxe4 Nf6 5. Qe2 Nxe4 6. Qxe4 Qd5 7. Qf4 Qf5 8. Qe3 Qe6 9. d4 Qxe3+ 10. Bxe3 Bf5 11. O-O-O e6 12. Nh4 Bg4 13. f3 Bh5 14. g4 Bg6 15. c4 Nd7 16. Bg2 Nb6 17. b3 Ba3+ 18. Kd2 Nd7 19. Ke2 a5 20. f4 Nf6 21. Nxg6 hxg6 22. g5 Ng8 23. d5 exd5 24. cxd5 Ne7 25. d6 Nd5 26. Bxd5 cxd5 27. Rxd5 Kd7 28. Rb5 Bxd6 29. Rxb7+ Ke6 30. Rb6 Rab8 31. Ra6 Ra8 32. Ba7 Kf5 33. Rxa5+ Ke4 34. h4 Rhc8 35. Re1 Kxf4 36. Rf1+ Kg3 37. Ra4 Re8+ 38. Kd3 Rad8 39. Rxf7 Bc5+ 40. Kc4 Bxa7 41. Raxa7 Kxh4 42. Rxg7 Re4+ 43. Kc3 Re3+ 44. Kb4 Re4+ 45. Ka3 Rd6 46. Ra4 Rxa4+ 47. Kxa4 Kxg5 48. b4 Kf6 49. Rg8 g5 50. b5 1-0

[Event "56th Biel Festival MTO 2023"]
[White "Huang,Renjie"]
[Black "Schnepp,Gunnar"]
[Site "Biel"]
[Round "2.17"]
[Annotator "RC"]
[Result "1-0"]
[Date "2023.07.19"]
[WhiteElo "2445"]
[BlackElo "2278"]
[PlyCount "33"]
[TimeControl "60"]

1. e4 c5 2. Nf3 d6 3. d4 cxd4 4. Nxd4 Nf6 5. Nc3 a6 6. Bd3 g6 7. f3 Bg7 8. Be3 Nc6 9. Qd2 O-O 10. O-O-O d5 11. Nxc6 bxc6 12. Bc4 e6 13. Bb3 Qc7 14. h4 dxe4 15. h5 exf3 16. hxg6 hxg6 17. Bh6 1-0

[Event "56th Biel Festival MTO 2023"]
[White "Toktomushev,Teimur"]
[Black "Sanchez Alvarez,Roberto Carlos"]
[Site "Biel"]
[Round "2.18"]
[Annotator "RC"]
[Result "1-0"]
[Date "2023.07.19"]
[WhiteElo "2206"]
[BlackElo "2444"]
[PlyCount "67"]
[TimeControl "60"]

1. d4 Nf6 2. c4 e6 3. Nf3 b6 4. g3 Ba6 5. b3 Bb4+ 6. Bd2 Be7 7. Bg2 O-O 8. O-O d5 9. Bc3 c5 10. Ne5 Bb7 11. dxc5 Bxc5 12. Bb2 Qc7 13. Nd3 Be7 14. Nd2 dxc4 15. Nxc4 Bxg2 16. Kxg2 Rd8 17. Qd2 Qb7+ 18. Kg1 Ne4 19. Qe3 Nd7 20. Qf3 f6 21. Nf4 Nf8 22. Rad1 Rab8 23. Qg4 e5 24. Ne6 Nxe6 25. Qxe6+ Kf8 26. h4 Bc5 27. e3 b5 28. Na5 Qb6 29. Nc6 Rxd1 30. Rxd1 Re8 31. Qd5 Nxf2 32. Kxf2 Rc8 33. Nd8 Bxe3+ 34. Kf3 1-0

[Event "56th Biel Festival MTO 2023"]
[White "Rotunno,Flavio"]
[Black "Materia,Marco"]
[Site "Biel"]
[Round "2.19"]
[Annotator "ChessBase"]
[Result "1-0"]
[Date "2023.07.19"]
[WhiteElo "2005"]
[BlackElo "2436"]
[PlyCount "132"]
[TimeControl "60"]

1. d4 Nf6 2. c4 e6 3. Nf3 d5 4. Nc3 dxc4 5. Qa4+ Nc6 6. e3 Bd7 7. Qxc4 Na5 8. Qd3 c5 9. Be2 Nc6 10. a3 cxd4 11. exd4 Be7 12. O-O O-O 13. Bf4 Be8 14. Rac1 Nd5 15. Nxd5 Qxd5 16. Rfd1 f6 17. Qe3 Bf7 18. Bc4 Qd7 19. Re1 Nd8 20. Bb3 Bd6 21. Bxd6 Qxd6 22. Qc3 Nc6 23. Rcd1 Rac8 24. Qe3 Rfe8 25. h3 Kh8 26. Ba2 a6 27. Kh1 Ne7 28. Qb3 Rc7 29. Qd3 Bg6 30. Qf1 Nd5 31. Rc1 Rec8 32. Rxc7 Rxc7 33. Rc1 Kg8 34. Rxc7 Nxc7 35. Qe2 Kf8 36. Kg1 Qc6 37. Qc4 Be4 38. Qxc6 Bxc6 39. Nd2 Ke7 40. f3 Nb5 41. Bb1 Nxd4 42. Kf2 h6 43. Ke3 e5 44. h4 Ke6 45. g3 Nf5+ 46. Kf2 Bd5 47. Bd3 Nd6 48. Ke3 a5 49. Be2 b6 50. Bd3 Kd7 51. Be2 Kc6 52. Bd3 Kc5 53. f4 b5 54. fxe5 fxe5 55. Bc2 b4 56. axb4+ Kxb4 57. Bb1 Nb7 58. g4 Nc5 59. g5 hxg5 60. hxg5 Na4 61. Nf3 Nxb2 62. Nxe5 Kc3 63. Kf4 a4 64. Kf5 a3 65. Nd7 Na4 66. Nf6 gxf6 1-0

[Event "56th Biel Festival MTO 2023"]
[White "Licznerski,Lukasz"]
[Black "Foerster-Yialamas,Lucas"]
[Site "Biel"]
[Round "2.20"]
[Annotator "RC"]
[Result "1-0"]
[Date "2023.07.19"]
[WhiteElo "2430"]
[BlackElo "2157"]
[PlyCount "59"]
[TimeControl "60"]

1. e4 e5 2. Nc3 Nf6 3. Nf3 Nc6 4. Bb5 Bc5 5. O-O O-O 6. d3 d6 7. Bg5 Bg4 8. h3 Bxf3 9. Qxf3 Nd4 10. Qd1 c6 11. Ba4 h6 12. Bh4 g5 13. Bg3 a5 14. a3 b5 15. Bb3 b4 16. Ne2 bxa3 17. bxa3 a4 18. Ba2 Qa5 19. Nxd4 Bxd4 20. Qf3 Kg7 21. Rab1 Rab8 22. h4 Qd2 23. Qf5 Rxb1 24. Rxb1 Nh5 25. Rb7 Qc1+ 26. Kh2 Nf6 27. h5 Ng4+ 28. Qxg4 Bxf2 29. Bxf2 Qxc2 30. Qf5 1-0

[Event "56th Biel Festival MTO 2023"]
[White "Erdos,Viktor"]
[Black "Matsumura,Cocoro"]
[Site "Biel"]
[Round "2.21"]
[Annotator "RC"]
[Result "1-0"]
[Date "2023.07.19"]
[WhiteElo "2571"]
[BlackElo "2081"]
[PlyCount "79"]
[TimeControl "60"]

1. e4 c5 2. Nf3 d6 3. Bb5+ Nd7 4. c4 Ngf6 5. Nc3 g6 6. h3 Bg7 7. d3 O-O 8. Ba4 Ne8 9. O-O f5 10. exf5 gxf5 11. Bg5 h6 12. Bh4 Ne5 13. Nxe5 dxe5 14. Qe2 Rf7 15. Nd5 Nc7 16. f4 Nxd5 17. cxd5 Qd6 18. Rae1 e6 19. Bb3 exd5 20. fxe5 Qe6 21. Rf4 b5 22. Qf3 Bb7 23. d4 c4 24. Bc2 Raf8 25. Qh5 Bc6 26. Ref1 Bd7 27. Be1 Qb6 28. Kh1 a5 29. R1f3 b4 30. Rg3 Be8 31. Bd2 Qe6 32. Qf3 Kh8 33. Rh4 Rc7 34. Rxg7 Kxg7 35. Bxh6+ Qxh6 36. Rxh6 Kxh6 37. Qxd5 Rcf7 38. Qd6+ Kh7 39. e6 Rf6 40. d5 1-0

[Event "56th Biel Festival MTO 2023"]
[White "Samadov,Read"]
[Black "Lohia,Sohum"]
[Site "Biel"]
[Round "2.22"]
[Annotator "RC"]
[Result "1-0"]
[Date "2023.07.19"]
[WhiteElo "2482"]
[BlackElo "2247"]
[PlyCount "89"]
[TimeControl "60"]

1. d4 Nf6 2. c4 e6 3. Nf3 d5 4. g3 Be7 5. Bg2 O-O 6. O-O dxc4 7. Qc2 a6 8. a4 Bd7 9. Rd1 Bc6 10. Bg5 b5 11. Bxf6 Bxf6 12. Nc3 b4 13. Ne4 Bxe4 14. Qxe4 Nd7 15. Nd2 Qe7 16. Nxc4 c5 17. d5 exd5 18. Qxe7 Bxe7 19. Bxd5 Ra7 20. Rd3 Bf6 21. f4 Rb8 22. a5 Nf8 23. Rad1 Rd7 24. e3 Re7 25. b3 Ne6 26. Bxe6 Rxe6 27. Rd6 Rbe8 28. f5 Rxd6 29. Rxd6 Ra8 30. Kf2 Kf8 31. Kf3 Be7 32. Rb6 Ke8 33. Ke4 Ra7 34. Ne5 Ra8 35. Rb7 Bd8 36. Nc4 Be7 37. Nb6 Rd8 38. Ra7 Rd2 39. Rxa6 Rb2 40. Ra8+ Bd8 41. Na4 Rxb3 42. Nxc5 Ra3 43. Nb7 b3 44. Rxd8+ Ke7 45. Rd1 1-0

[Event "56th Biel Festival MTO 2023"]
[White "Saraci,Nderim"]
[Black "Eidelman,Gabriel"]
[Site "Biel"]
[Round "2.23"]
[Annotator "RC"]
[Result "1-0"]
[Date "2023.07.19"]
[WhiteElo "2472"]
[BlackElo "2204"]
[PlyCount "119"]
[TimeControl "60"]

1. e4 c5 2. Nf3 d6 3. Bb5+ Bd7 4. Bxd7+ Nxd7 5. O-O Ngf6 6. Qe2 e6 7. c3 Be7 8. d4 O-O 9. Rd1 cxd4 10. cxd4 d5 11. e5 Ne4 12. Nbd2 Nxd2 13. Bxd2 Qb6 14. Qd3 Rfc8 15. h4 Qa6 16. Qe3 Nb6 17. b3 Rc2 18. a4 Nd7 19. h5 h6 20. Ne1 Rcc8 21. Rdc1 Qb6 22. Qd3 f5 23. a5 Qd8 24. Qb5 Rab8 25. Rxc8 Qxc8 26. Rc1 Qd8 27. a6 Nb6 28. axb7 Rxb7 29. Nd3 Qd7 30. Qc6 Kf7 31. Qc2 Rb8 32. g4 Rc8 33. Nc5 Bxc5 34. dxc5 d4 35. Qd3 Nd5 36. gxf5 exf5 37. Qxd4 f4 38. Kh2 Rd8 39. e6+ Qxe6 40. Rg1 Qf6 41. Qxf6+ Kxf6 42. Rg6+ Kf5 43. Rxg7 Ke4 44. Kg2 Rc8 45. b4 Kd3 46. Rd7 Kxd2 47. Rxd5+ Kc3 48. Rd6 Kxb4 49. Rxh6 Kxc5 50. Ra6 Rc7 51. Kf3 Kb5 52. Ra1 a5 53. h6 a4 54. Rb1+ Ka5 55. Rh1 Rh7 56. Kxf4 a3 57. Kg5 Kb4 58. Kg6 Rh8 59. h7 a2 60. Kg7 1-0

[Event "56th Biel Festival MTO 2023"]
[White "Vincenti,Leonardo"]
[Black "Muthaiah AL"]
[Site "Biel"]
[Round "2.24"]
[Annotator "RC"]
[Result "0-1"]
[Date "2023.07.19"]
[WhiteElo "2117"]
[BlackElo "2445"]
[PlyCount "84"]
[TimeControl "60"]

1. e4 c5 2. Nf3 e6 3. c4 Nc6 4. d4 cxd4 5. Nxd4 Nf6 6. Nc3 Bb4 7. Nxc6 bxc6 8. Bd3 e5 9. O-O O-O 10. Na4 d5 11. cxd5 cxd5 12. exd5 Qxd5 13. a3 Be7 14. Nc3 Qc6 15. Qe2 Bb7 16. f3 Rad8 17. Bg5 h6 18. Bh4 Rxd3 19. Qxd3 Ba6 20. Qc2 Bxf1 21. Rxf1 Bc5+ 22. Bf2 Bd4 23. Rc1 Rb8 24. Qd2 Rd8 25. Rd1 Rd7 26. Bxd4 Rxd4 27. Qe2 Rxd1+ 28. Nxd1 Qc1 29. g3 Nd5 30. Qd3 Nb6 31. Kg2 Nc4 32. Qd8+ Kh7 33. Qd3+ g6 34. Qd5 Kg8 35. Kh3 Nxb2 36. Nxb2 Qxb2 37. Qa8+ Kg7 38. Qxa7 Qe2 39. Qc7 Qf1+ 40. Kg4 h5+ 41. Kh4 Qe2 42. Qe7 Qxh2+ 0-1

[Event "56th Biel Festival MTO 2023"]
[White "Erne,Raphael"]
[Black "Shlyakhtenko,Robert"]
[Site "Biel"]
[Round "2.25"]
[Annotator "ChessBase"]
[Result "0-1"]
[Date "2023.07.19"]
[WhiteElo "2077"]
[BlackElo "2401"]
[PlyCount "56"]
[TimeControl "60"]

1. c4 e5 2. g3 c6 3. Nf3 e4 4. Nd4 Nf6 5. Bg2 Qb6 6. Nb3 a5 7. d3 a4 8. N3d2 Bc5 9. O-O e3 10. fxe3 Bxe3+ 11. Kh1 Ng4 12. Ne4 O-O 13. h3 d5 14. hxg4 dxe4 15. Bxe4 Bxg4 16. Bf3 Bh3 17. Bg2 Be6 18. Bxe3 Qxe3 19. Qe1 Nd7 20. Qf2 Qe5 21. Nd2 Nf6 22. Qf4 Qxe2 23. Rae1 Qxd3 24. Bf3 Rad8 25. Ne4 Nxe4 26. Bxe4 Qxc4 27. a3 Rd4 28. Qf3 f5 0-1